 Dungeon Crawl Stone Soup version 0.24-a0-102-g7635c99 (console) character file.

Game seed: 15569955676447283504

40 Duffy the Conjurer (level 3, 0/21 HPs)
             Began as an Octopode Fire Elementalist on Feb 12, 2019.
             Slain by a jackal (1 damage)
             ... on level 1 of the Dungeon.
             The game lasted 00:00:52 (1262 turns).

Duffy the Conjurer (Octopode Fire Elementalist)     Turns: 1262, Time: 00:00:53

Health: 0/21       AC:  1    Str:  7    XL:     3   Next: 50%
Magic:  3/6        EV: 13    Int: 18    God:
Gold:   61         SH:  0    Dex: 12    Spells: 2/6 levels left

rFire    . . .     SeeInvis .   c - +0 halberd
rCold    . . .     Gourm    .   (shield currently unavailable)
rNeg     . . .     Faith    .   (helmet restricted)
rPois    .         Spirit   .   (no amulet)
rElec    .         Reflect  .   (no ring)
rCorr    .         Harm     .   (no ring)
MR       .....                  (no ring)
Stlth    +++.......             (no ring)
HPRegen  0.07/turn              (no ring)
MPRegen  0.10/turn              (no ring)
                                (no ring)
                                (no ring)

@: very slightly contaminated
A: almost no armour, stealthy swim, amphibious, 8 rings, constrict 8, camouflage
1, gelatinous body 1
a: no special abilities


You were on level 1 of the Dungeon.
You were not hungry.

You visited 1 branch of the dungeon, and saw 2 of its levels.

You collected 61 gold pieces.

Inventory:

Hand Weapons
 c - a +0 halberd (weapon)
Scrolls
 d - a scroll of remove curse {unknown}
 f - a scroll of identify {unknown}
 h - a scroll of teleportation {unknown}
Potions
 a - a potion of heal wounds {unknown}
 e - a potion of cancellation {unknown}
Comestibles
 b - 2 rations
 g - 3 chunks of flesh


   Skills:
 - Level 2.0 Dodging
 - Level 2.6 Stealth
 + Level 2.1 Spellcasting
 + Level 3.1 Conjurations
 + Level 3.1 Fire Magic


You had 2 spell levels left.
You knew the following spells:

 Your Spells              Type           Power        Failure   Level  Hunger
h - Flame Tongue          Conj/Fire      ##...        4%          1    #......
l - Conjure Flame         Conj/Fire      ##......     16%         3    ###....

Your spell library contained the following spells:

 Spells                   Type           Power        Failure   Level  Hunger
 Throw Flame              Conj/Fire      ##....       8%          2    ###....
 Inner Flame              Hex/Fire       #.......     28%         3    ###....
 Sticky Flame             Conj/Fire      ##......     45%         4    #####..
 Fireball                 Conj/Fire      ##........   80%         5    ######.


Dungeon Overview and Level Annotations

Branches:
Dungeon (2/15)

Altars:


Innate Abilities, Weirdness & Mutations

You cannot wear most types of armour.
You are very stealthy in the water. (Stealth+)
You are amphibious.
You can wear up to eight rings at the same time.
You can use your tentacles to constrict eight enemies at once.
Your skin changes colour to match your surroundings (Stealth+).
Your rubbery body absorbs attacks. (AC +1, EV +1)


Message History

A jackal comes into view.
The worm bites you!
You are too injured to fight recklessly!
You are too injured to fight recklessly!
You release your grip on the worm.
The worm closely misses you. The jackal bites you.
There is a stone staircase leading up here.
The jackal barely misses you.
You climb upwards.
There is a stone staircase leading down here.
You barely miss the jackal. Your grab misses the jackal. The jackal bites you.
The jackal closely misses you.
You miss the jackal. Your grab misses the jackal. The jackal misses you.
The jackal barely misses you.
You hit the jackal but do no damage. Your grab misses the jackal.
The jackal bites you. x2
You hit the jackal. Your grab misses the jackal.
The jackal is moderately wounded.
The jackal bites you.
You die...

##.####.###.##.##.#......+.......#
.#.#......#.##..#.#......####.####
.#.#.##.#.#.###.#.#......##...#
........#.#.###'#.#......##.###
.#..#####.#.......#......'..#
..........#.......#......####
###########.......#......# %.....#
#......h#.###### #####+##
#......@#.############### .......#
#.......#................ .......#
#.......################# .......#
#.......#................
.......####............############
.......'.............%.'...........
.......#####...........##########.#
.......#####....................#..
.......................########.#..


You could see a jackal.

Vanquished Creatures
  A gnoll (D:1)
  An adder (D:2)
  A leopard gecko (D:1)
  A giant cockroach (D:1)
  2 goblins (D:1)
  5 hobgoblins
  3 kobolds (D:1)
  3 bats
  2 frilled lizards
  A rat (D:1)
20 creatures vanquished.

Notes
Turn   | Place    | Note
-------+----------+-------------------------------------------
     0 | D:1      | Duffy the Octopode Fire Elementalist began the quest for
                  | the Orb.
     0 | D:1      | Reached XP level 1. HP: 11/11 MP: 3/3
    12 | D:1      | Noticed an ogre
    55 | D:1      | Reached XP level 2. HP: 17/17 MP: 0/5
   515 | D:1      | Reached XP level 3. HP: 4/21 MP: 0/6
   756 | D:1      | Learned a level 3 spell: Conjure Flame
  1261 | D:1      | HP: 1/21 [jackal (2)]
  1262 | D:1      | Slain by a jackal

Levels and vault maps discovered:
D:1:      evilmike_arrival_come_back, layout_basic
D:2:      layout_rooms

Skill      XL: |  1  2  3 |
---------------+----------+-----
Conjurations   | 2 3 |  3.1
Dodging        | |  2.0
Stealth        | |  2.6
Spellcasting   | |  2.1
Fire Magic     | |  3.1

Action                   || total
-------------------------++-------
Melee: Halberd           ||    49
       Constrict         ||     9
       Tentacles         ||     4
 Cast: Flame Tongue      ||    14
 Stab: Sleeping          ||     5
  Eat: Chunk             ||     1
Armor: Skin              ||     4
Dodge: Dodged            ||    45

Table legend:
 A = Non-vault XP
 B = Vault XP
 C = Vault XP percentage of total XP
 D = Non-vault monster count
 E = Vault monster count
 F = Vault count percentage of total count
                 A         B        C        D         E       F
            +---------+---------+-------+---------+---------+-------
      Total |      58 |       0 |   0.0 |      20 |       0 |   0.0
            +---------+---------+-------+---------+---------+-------
        D:1 |      40 |       0 |   0.0 |      16 |       0 |   0.0
        D:2 |      18 |       0 |   0.0 |       4 |       0 |   0.0
            +---------+---------+-------+---------+---------+-------
